 Seeded DCSS version 0.31-a0-986-g5e6e4ef867 (webtiles) character file.

Game seed: 5200550829900917827 (custom seed)

48 timneilson the Ruffian (level 3, -5/24 HPs)
             Began as an Octopode Shapeshifter on Nov 15, 2023.
             Killed from afar by an orc wizard (9 damage)
             ... with a puff of flame
             ... on level 3 of the Dungeon.
             The game lasted 00:01:36 (1319 turns).

timneilson the Ruffian (Octopode Shapeshifter)      Turns: 1319, Time: 00:01:36

Health: -5/24      AC:  1    Str: 15    XL:     3   Next: 72%
Magic:  3/3        EV: 13    Int: 12    God:
Gold:   96         SH:  0    Dex: 11    Spells: 2/2 levels left

rFire   . .          .
                       - Unarmed
rCold   . . .        (no shield)
rNeg    . . .        (helmet currently unavailable)
rPois   .            g - amulet of regeneration
rElec   .            (no ring)
rCorr   .            (no ring)
SInv    .            (no ring)
Will    .....        (no ring)
Stlth   ++           (no ring)
HPRegen 1.04/turn    (no ring)
MPRegen 0.08/turn    (no ring)
                     (no ring)

%: no passive effects
@: confused, beast-form
A: beast (slay +1), almost no armour, amphibious, 8 rings, camouflage 1,
gelatinous body 1, (nimble swimmer 1), tentacles
a: Begin Untransformation


You were on level 3 of the Dungeon.
You were a hulking beast.
You visited 1 branch of the dungeon, and saw 3 of its levels.

You collected 96 gold pieces.

Inventory:

Missiles
 h - a throwing net
Jewellery
 g - an amulet of regeneration (around mantle)
Talismans
 b - a beast talisman
 c - a flux talisman
Wands
 i - a wand of flame (16)
Scrolls
 f - a scroll of teleportation {unknown}
Potions
 a - a potion of lignification
 d - a potion of haste
 j - 2 potions of curing


   Skills:
 * Level 1.8 Fighting
 * Level 2.5 Dodging
 + Level 1.1 Stealth
 * Level 3.3 Unarmed Combat
 + Level 0.4 Spellcasting
 * Level 3.2 Shapeshifting


You had 2 spell levels left.
You didn't know any spells.
Your spell library contained the following spells:

 Spells                   Type           Power      Damage    Failure   Level
 Apportation              Tloc           0%         N/A       32%         1
 Jinxbite                 Hex            0%         N/A       43%         2
 Alistair's Intoxication  Tmut/Pois      0%         N/A       100%        5


Dungeon Overview and Level Annotations

Branches:
Dungeon (3/15)

Altars:


Innate Abilities, Weirdness & Mutations

You are a hulking beast.
Your limbs bulge with bestial killing power. (Slay +1)
You cannot wear most types of armour.
You are amphibious.
You can wear up to eight rings at the same time.
Your skin changes colour to match your surroundings (Stealth+).
Your rubbery body absorbs attacks. (AC +1, EV +1)
((You are camouflaged when in or above water. (Stealth+)))
You have tentacles for arms and can constrict up to eight enemies at once.


Message History

You squeeze the orc.
You kill the orc!
You tentacle-slap something.
Your tentacle-slap misses something.
Your squeeze misses something. Something hits you.
You tentacle-slap something. Something hits you.
You tentacle-slap something. Your squeeze misses something. Something hits you.
You miss something. Something hits you.
You closely miss something. Your squeeze misses something. Something hits you.
You closely miss something. Something hits you.
You miss something. Your squeeze misses something. Something hits you.
You miss something. Something hits you.
* * * LOW HITPOINT WARNING * * *
You tentacle-slap something but do no damage.
Something hits you.
* * * LOW HITPOINT WARNING * * *
You miss something. Something hits you.
* * * LOW HITPOINT WARNING * * *
You tentacle-slap something but do no damage.
You squeeze something. Something barely misses you.
You closely miss something.
You hear some strange, mumbled words.
You are confused.
There is an open door here.
You bump into the rock wall.
Something hits you but does no damage.
You hear some strange, mumbled words.
You are more confused.
You bump into the rock wall.
You hear some strange, mumbled words.
Something tries to affect you, but you resist.
You hear some strange, mumbled words.
Something tries to affect you, but you resist.
You're too confused to move!
Something hits you. Something hits you.
* * * LOW HITPOINT WARNING * * *
You're too confused to move!
Something hits you.
* * * LOW HITPOINT WARNING * * *
You hear some strange, mumbled words.
A puff of flame appears from out of thin air!
The puff of flame hits you!
You die...

#.... ... ... #.#
#)# #.# #)# #.#
##'## #.# ##.{.##
##.## ##.h...##
#...## #.......##
#....#
#.........####....#
+.......).'.......#
#.........####....#
##.......## ##.#.#
##.....## ###.#
##...## #.# ##+#
### #.#


There were no monsters in sight!

Vanquished Creatures
  2 adders (D:2)
  2 orcs (D:3)
  2 endoplasms (D:2)
  2 giant cockroaches (D:2)
  3 goblins (D:1)
  2 hobgoblins
  4 kobolds (D:2)
  3 ball pythons
  2 bats (D:1)
  A frilled lizard (D:1)
  5 rats
28 creatures vanquished.

Notes
Turn   | Place    | Note
-------+----------+-------------------------------------------
     0 | D:1      | timneilson the Octopode Shapeshifter began the quest for
                  | the Orb.
     0 | D:1      | Reached XP level 1. HP: 13/13 MP: 1/1
   145 | D:1      | Reached XP level 2. HP: 18/18 MP: 2/2
   587 | D:2      | Found a faded altar of an unknown god.
   820 | D:2      | Reached skill level 1 in Stealth
   820 | D:2      | Reached XP level 3. HP: 13/23 MP: 3/3
  1319 | D:3      | Killed from afar by an orc wizard

Illustrated notes

Levels and vault maps discovered:
D:1:      giann_horns, layout_basic
D:2:      layout_loops_ring, hellmonk_ecumenical_altar_pennies_from_heaven
D:3:      layout_loops_corners, serial_shops, shop

Skill      XL: |  1  2 |
---------------+-------+-----
Stealth        | 1 |  1.1
Fighting       | |  1.8
Dodging        | |  2.5
Unarmed Combat | |  3.3
Spellcasting   | |  0.4
Shapeshifting  | |  3.2

Action                     || total
---------------------------++-------
  Melee: Unarmed           ||    62
         Constrict         ||     9
         Tentacles         ||     7
         Punch             ||     2
    Use: Scroll            ||     2
   Stab: Sleeping          ||     8
 Armour: Skin              ||    27
  Dodge: Dodged            ||    23

Table legend: (Time is in decaauts)
 A = Elapsed time spent in this place.
 B = Non-inter-level travel time spent in this place.
 C = Inter-level travel time spent in this place.
 D = Time resting spent in this place.
 E = Time spent auto-exploring this place.
 F = Levels seen in this place.
 G = Mean time per level.
                   A        B        C        D        E       F      G
               +--------+--------+--------+--------+--------+-----+--------+
         Total |   1315 |   1256 |     59 |      0 |   1041 |   3 |  438.3 |
       Dungeon |   1315 |   1256 |     59 |      0 |   1041 |   3 |  438.3 |
               +--------+--------+--------+--------+--------+-----+--------+

Top non-repeatable levels by time:
     D:2: 647 daAuts
     D:1: 581 daAuts
     D:3: 87 daAuts
